 Dungeon Crawl Stone Soup version 0.28-a0-851-g8b9cc49659 (webtiles) character file.

Game seed: 14800586633905765554

3089 jasper the Thaumaturge (level 9, -2/72 HPs)
             Began as a Demonspawn Venom Mage on Nov 14, 2021.
             Was a Follower of Vehumet.
             Slain by an unseen horror (4 damage)
             ... on level 7 of the Dungeon.
             The game lasted 00:11:58 (10977 turns).

jasper the Thaumaturge (Demonspawn Venom Mage)     Turns: 10977, Time: 00:11:58

Health: -2/72      AC:  7    Str:  8    XL:     9   Next: 59%
Magic:  11/21      EV: 14    Int: 19    God:    Vehumet [*.....]
Gold:   305        SH:  0    Dex: 15    Spells: 14/24 levels left

rFire   . . .      SeeInvis .   e - +1 short sword
rCold   . . .      Faith    .   (no shield)
rNeg    . . .      Spirit   .   a - +0 robe
rPois   .          Reflect  .   o - +1 hat
rElec   .          Harm     .   l - +0 cloak
rCorr   .          Rampage  .   D - +0 pair of gloves
Will    .....                   (no boots)
Stlth   ++........              (no amulet)
HPRegen 0.22/turn               t - ring of wizardry
MPRegen 0.17/turn               (no ring)

@: mighty
A: rugged brown scales 2, powered by pain 2
a: Renounce Religion


You were on level 7 of the Dungeon.
You worshipped Vehumet.
Vehumet was aware of your devotion.
You visited 1 branch of the dungeon, and saw 7 of its levels.

You collected 305 gold pieces.

Inventory:

Hand Weapons
 e - a +1 short sword (weapon)
Missiles
 d - 244 stones
 j - 2 datura-tipped darts
 u - a throwing net
Armour
 a - a +0 robe (worn)
 b - a +0 troll leather armour
 l - a +0 cloak (worn)
 o - a +1 hat (worn)
 D - a +0 pair of gloves (worn)
 E - the -1 kite shield of the Thirteen Planets {Harm rElec Dex+3}
   (You found it on level 7 of the Dungeon)

   Dex:       It affects your dexterity (+3).
   rElec:     It insulates you from electricity.
   Harm:      It increases damage dealt and taken.
Jewellery
 t - a ring of wizardry (left hand)
 x - a +6 ring of dexterity
Wands
 w - a wand of flame (22)
 y - a wand of acid (12)
 z - a wand of polymorph (6)
 B - a wand of iceblast (3)
Scrolls
 m - 6 scrolls of magic mapping
 s - a scroll of fog
 v - a scroll of summoning
Potions
 f - a potion of ambrosia {unknown}
 g - 2 potions of mutation {unknown}
 h - 4 potions of might
 i - a potion of flight {unknown}
 k - a potion of brilliance {unknown}
 n - a potion of invisibility {unknown}
 p - a potion of berserk rage {unknown}
 q - 2 potions of haste {unknown}
 r - 2 potions of attraction {unknown}
 A - a potion of lignification {unknown}
 C - a potion of cancellation {unknown}


   Skills:
 + Level 5.8 Fighting
 + Level 5.7 Dodging
 - Level 1.7 Stealth
 * Level 8.0 Spellcasting
 - Level 0.8 Transmutations
 - Level 6.8 Poison Magic


You had 14 spell levels left.
You knew the following spells:

 Your Spells              Type           Power      Damage    Failure   Level
a - Sting                 Tmut/Pois      88%        1d7       1%          1
b - Olgreb's Toxic Radia  Pois           33%        N/A       2%          4
c - Mephitic Cloud        Conj/Pois/Air  16%        N/A       4%          3
d - Animate Skeleton      Necr           14%        N/A       3%          1
e - Apportation           Tloc           14%        N/A       3%          1

Your spell library contained the following spells:

 Spells                   Type           Power      Damage    Failure   Level
 Foxfire                  Conj/Fire      28%        2x1d5     3%          1
 Poisonous Vapours        Pois/Air       40%        N/A       1%          2
 Spider Form              Tmut/Pois      22%        N/A       2%          3
 Summon Small Mammal      Summ           28%        N/A       3%          1
 Ensorcelled Hibernation  Hex/Ice        14%        N/A       6%          2
 Ozocubu's Armour         Ice            7%         N/A       11%         3
 Ozocubu's Refrigeration  Ice            3%         4d5       100%        7


Dungeon Overview and Level Annotations

Branches:
Dungeon (7/15)             Temple (0/1) D:7

Altars:
Kikubaaqudgha
Nemelex Xobeh
Qazlal
Vehumet


Innate Abilities, Weirdness & Mutations

You are mostly covered in rugged brown scales. (AC +2, +5% HP)
You sometimes gain power by taking damage.


Message History

You miss something.
Something hits you but does no damage. x2
You puncture something! Something hits you!
You take 7 damage, and have 49/72 hp.
You swing at nothing.
Something hits you!
You take 9 damage, and have 40/72 hp.
You swing at nothing.
You closely miss something. Something hits you but does no damage.
You swing at nothing.
Something hits you.
You take 5 damage, and have 36/72 hp.
You swing at nothing.
Something hits you. Something hits you!
You take 14 damage, and have 22/72 hp.
You hit something. Something hits you but does no damage.
You swing at nothing.
Something hits you!
* * * LOW HITPOINT WARNING * * *
Something barely misses you.
You take 9 damage, and have 14/72 hp.
Casting: Olgreb's Toxic Radiance (dangerous; 2% risk of failure)
Confirm with . or Enter, or press ? or * to list all spells.
You begin to radiate toxic energy.
Something hits you.
* * * LOW HITPOINT WARNING * * *
Something hits you.
* * * LOW HITPOINT WARNING * * *
You take 8 damage, and have 6/72 hp.
You now have 14/21 mp.
Okay, then.
Okay, then.
Your toxic aura wanes.
Something hits you.
* * * LOW HITPOINT WARNING * * *
You take 1 damage, and have 5/72 hp.
Something hits you but does no damage.
Casting: Olgreb's Toxic Radiance (dangerous; 2% risk of failure)
Confirm with . or Enter, or press ? or * to list all spells.
You begin to radiate toxic energy.
Something hits you.
* * * LOW HITPOINT WARNING * * *
You take 5 damage, and have 1/72 hp.
You now have 11/21 mp.
Your toxic aura wanes.
Something hits you but does no damage. Something barely misses you.
Something hits you.
You die...

######### #..≈≈≈≈≈≈...≈≈
#.......###..≈≈≈≈≈≈≈≈≈≈≈
#.##..........≈≈≈≈≈≈≈≈≈≈
#.##.##.###.....≈≈≈≈≈≈≈≈
#.##.##.###.......≈≈≈≈≈.
#.##.....###............
#.#####{.# ######.##.###
#.# #{.# #....#
#.#####@.# ##'####
#........# ##...##
########.# ##.....##
##..# ##.......##
##...####.........##
#.......'.........+.
##...####.........##
##..# ##.......## ####.#
##.....##


There were no monsters in sight!

Vanquished Creatures
  A two-headed ogre (D:5)
  A troll (D:7)
  2 water moccasins
  A sky beast (D:6)
  2 black bears
  An ice beast (D:7)
  A necrophage (D:4)
  3 ogres
  A centaur (D:7)
  A phantom (D:6)
  A kobold brigand (D:7)
  A bullfrog (D:7)
  2 scorpions
  A wyvern skeleton (D:7)
  A killer bee (D:5)
  A bullfrog zombie (D:5)
  A centaur zombie (D:6)
  3 orc priests (D:6)
  A bullfrog skeleton (D:6)
  2 gnoll shamans
  3 hounds
  2 iguanas (D:6)
  Natasha (thrice) (D:2)
  4 orc wizards (D:6)
  2 killer bee zombies
  A hound zombie (D:5)
  10 gnolls
  A howler monkey zombie (D:3)
  8 adders
  2 white imps (D:5)
  A worm (D:2)
  3 dart slugs
  6 orcs
  7 bats
  4 endoplasms
  5 giant cockroaches
  7 goblins
  10 hobgoblins
  4 jackals (D:4)
  11 kobolds
  5 quokkas
  7 ball pythons
  5 frilled lizards
  6 rats
145 creatures vanquished.

Vanquished Creatures (others)
  7 plants (D:2)
7 creatures vanquished.

Grand Total: 152 creatures vanquished

Notes
Turn   | Place    | Note
-------+----------+-------------------------------------------
     0 | D:1      | jasper the Demonspawn Venom Mage began the quest for the
                  | Orb.
     0 | D:1      | Reached XP level 1. HP: 13/13 MP: 3/3
   440 | D:1      | Gained mutation: You sometimes gain a little power by
                  | taking damage. [demonic ancestry]
   440 | D:1      | Reached XP level 2. HP: 12/19 MP: 1/5
   637 | D:1      | Found a faded altar of an unknown god.
  1309 | D:1      | Reached XP level 3. HP: 24/24 MP: 0/6
  1840 | D:2      | Noticed Natasha
  1876 | D:2      | Killed Natasha
  1987 | D:2      | Noticed Natasha
  1998 | D:2      | Killed Natasha
  1999 | D:2      | Reached skill level 5 in Poison Magic
  1999 | D:2      | Reached XP level 4. HP: 5/30 MP: 2/7
  2350 | D:2      | Learned a level 4 spell: Olgreb's Toxic Radiance
  2758 | D:2      | Noticed Natasha
  2766 | D:2      | Killed Natasha
  3237 | D:3      | Gained mutation: You are partially covered in rugged brown
                  | scales. (AC +1, +3% HP) [demonic ancestry]
  3237 | D:3      | Reached XP level 5. HP: 24/36 MP: 0/8
  3241 | D:3      | Learned a level 3 spell: Mephitic Cloud
  4583 | D:3      | Gained mutation: You are mostly covered in rugged brown
                  | scales. (AC +2, +5% HP) [demonic ancestry]
  4583 | D:3      | Reached XP level 6. HP: 36/43 MP: 4/9
  4844 | D:3      | Found a sparkling altar of Nemelex Xobeh.
  4872 | D:3      | Found an ancient bone altar of Kikubaaqudgha.
  5049 | D:4      | Found a radiant altar of Vehumet.
  5069 | D:4      | Reached skill level 1 in Fighting
  5070 | D:4      | Became a worshipper of Vehumet
  5756 | D:4      | Reached skill level 3 in Spellcasting
  5756 | D:4      | Reached XP level 7. HP: 51/51 MP: 4/11
  5911 | D:5      | Entered Level 5 of the Dungeon
  6283 | D:5      | Found a stormy altar of Qazlal.
  6624 | D:5      | Noticed a two-headed ogre
  6655 | D:5      | Killed a two-headed ogre
  6656 | D:5      | Reached skill level 5 in Spellcasting
  6656 | D:5      | Gained mutation: You sometimes gain power by taking damage.
                  | [demonic ancestry]
  6656 | D:5      | Reached XP level 8. HP: 61/61 MP: 4/16
  7193 | D:6      | Reached skill level 6 in Spellcasting
  7718 | D:6      | Reached * piety under Vehumet
  7718 | D:6      | Offered knowledge of Foxfire by Vehumet.
  8044 | D:6      | Reached XP level 9. HP: 35/69 MP: 8/19
  8394 | D:6      | Reached skill level 5 in Dodging
  8406 | D:6      | Reached skill level 5 in Fighting
  8406 | D:6      | Reached skill level 7 in Spellcasting
  9699 | D:7      | Learned a level 1 spell: Animate Skeleton
  9701 | D:7      | Learned a level 1 spell: Apportation
  9977 | D:7      | Noticed a troll
  9993 | D:7      | Killed a troll
 10621 | D:7      | Reached skill level 8 in Spellcasting
 10811 | D:7      | Found a staircase to the Ecumenical Temple.
 10852 | D:7      | Identified the -1 kite shield of the Thirteen Planets {Harm
                  | rElec Dex+3}
 10974 | D:7      | HP: 1/72 [something (5)]
 10977 | D:7      | Slain by an unseen horror

Illustrated notes

Levels and vault maps discovered:
D:1:      matt_arrival_refuge, layout_basic,
          shapermc_ecumenical_altar_notcrosses, serial_park_tiny_1,
          minmay_pentomino_t4
D:2:      layout_loops_cross, serial_bayou_ford_a,
          chequers_serial_rivers_micro_d, uniq_natasha
D:3:      minmay_chambers_of_twos, layout_loops_ring, mainiacjoe_overflow_swirl
D:4:      layout_loops_ring, vehumet_altar_wand_db, kennysheep_potato
D:5:      cheibrodos_fzero, layout_basic, kennysheep_little_box
D:6:      layout_basic, st_stairs_2
D:7:      layout_loops_corners, temple_pool_b, serial_glass, glass_columns_b,
          glass_columns_a

Skill      XL: |  1  2  3  4  5  6  7  8  9 |
---------------+----------------------------+-----
Poison Magic   | 4 5 6 |  6.8
Fighting       | 1 3 4 5 |  5.8
Dodging        | 2 3 4 5 |  5.7
Spellcasting   | 3 5 6 8 |  8.0
Stealth        | |  1.7
Transmutations | |  0.8

Action                   |  1- 3 |  4- 6 |  7- 9 || total
-------------------------+-------+-------+-------++-------
Melee: Short sword       |     6 |    31 |   182 ||   219
 Cast: Sting             |    72 |    82 |    23 ||   177
       Olgreb's Toxic Ra |       |    14 |    54 ||    68
       Mephitic Cloud    |       |       |     1 ||     1
Evoke: Wand              |       |     7 |     9 ||    16
  Use: Scroll            |     2 |     6 |     5 ||    13
       Potion            |       |       |     5 ||     5
 Stab: Sleeping          |       |       |     1 ||     1
Armor: Robe              |     6 |    25 |   107 ||   138
Dodge: Dodged            |    11 |    47 |   211 ||   269

Table legend: (Time is in decaauts)
 A = Elapsed time spent in this place.
 B = Non-inter-level travel time spent in this place.
 C = Inter-level travel time spent in this place.
 D = Time resting spent in this place.
 E = Time spent auto-exploring this place.
 F = Levels seen in this place.
 G = Mean time per level.
                   A        B        C        D        E       F      G
               +--------+--------+--------+--------+--------+-----+--------+
         Total |  11012 |  10728 |    284 |   1268 |   8011 |   7 | 1573.1 |
       Dungeon |  11012 |  10728 |    284 |   1268 |   8011 |   7 | 1573.1 |
               +--------+--------+--------+--------+--------+-----+--------+

Top non-repeatable levels by time:
     D:6: 2044 daAuts
     D:7: 1808 daAuts
     D:3: 1708 daAuts
     D:1: 1707 daAuts
     D:2: 1513 daAuts
     D:5: 1232 daAuts
     D:4: 997 daAuts
